 Dungeon Crawl Stone Soup version 0.28.0-45-g0d030f2227 (console) character file.

Game seed: 10508068157444277828

350 Faeu the Covered (level 6, -5/56 HPs)
             Began as a Minotaur Fighter on Apr 19, 2022.
             Slain by an ogre
             ... wielding a +0 giant spiked club
              (17 damage)
             ... on level 4 of the Dungeon.
             The game lasted 00:10:43 (3313 turns).

Faeu the Covered (Minotaur Fighter)                 Turns: 3313, Time: 00:10:43

Health: -5/56      AC:  8    Str: 22    XL:     6   Next: 33%
Magic:  5/5        EV:  9    Int:  5    God:
Gold:   174        SH:  5    Dex: 10    Spells: 5/5 levels left

rFire   . . .      SeeInvis .   p - +1 short sword (freeze) {short}
rCold   . . .      Faith    .   c - +0 buckler
rNeg    . . .      Spirit   .   b - +0 scale mail
rPois   .          Reflect  .   (helmet restricted)
rElec   .          Harm     .   (no cloak)
rCorr   .          Rampage  .   (no gloves)
Will    .....                   s - +0 pair of boots
Stlth   ..........              (no amulet)
HPRegen 0.18/turn               (no ring)
MPRegen 0.09/turn               (no ring)

@: no status effects
A: horns 2, retaliatory headbutt
a: no special abilities


You were on level 4 of the Dungeon.
You visited 1 branch of the dungeon, and saw 5 of its levels.
You also visited: Ossuary.

You collected 174 gold pieces.


Innate Abilities, Weirdness & Mutations

You have a pair of horns on your head.
You reflexively headbutt those who attack you in melee.


   Skills:
 + Level 5.2 Fighting
 + Level 4.5 Long Blades
 + Level 5.3 Armour
 + Level 5.3 Shields


You had 5 spell levels left.
You didn't know any spells.
Your spell library was empty.

Inventory:

Hand Weapons
 a - a +0 long sword {long}
 k - a +4 whip {mace}
   (You took it off a kobold on level 2 of the Dungeon)
 p - a +1 short sword of freezing (weapon) {short}
   (You took it off a kobold on level 2 of the Dungeon)
Armour
 b - a +0 scale mail (worn)
 c - a +0 buckler (worn)
 s - a +0 pair of boots (worn)
   (You found it on level 3 of the Dungeon)
Jewellery
 n - a ring of magical power
   (You found it on level 2 of the Dungeon)
 o - a ring of fire
   (You found it on level 2 of the Dungeon)
 y - a ring of ice
   (You found it on level 4 of the Dungeon)
Scrolls
 e - a scroll of noise {unknown}
 f - a scroll of identify {unknown}
 h - a scroll of immolation {unknown}
 l - 4 scrolls of fog {unknown}
 q - 2 scrolls of enchant weapon {unknown}
 u - 2 scrolls of holy word {unknown}
 v - 3 scrolls of teleportation {unknown}
 w - a scroll of blinking {unknown}
 x - 3 scrolls of fear {unknown}
Potions
 d - a potion of might
 g - 4 potions of curing {unknown}
 i - a potion of heal wounds {unknown}
 j - 4 potions of haste {unknown}
 m - a potion of mutation {unknown}
 r - a potion of berserk rage {unknown}
 t - a potion of cancellation {unknown}
 z - a potion of brilliance {unknown}
 A - a potion of attraction {unknown}

Dungeon Overview and Level Annotations

Branches:
Dungeon (5/15)            Ossuary (visited)
 Temple: D:4-7

Altars:
Wu Jian
Yredelemnul

Shops:
D:1 ( D:3

= #.# #.# #.# #.# ## ...
###.# >## #...# ..#
#.#.#####..#
#.#.####.#.#
#.#.##.O...#
#.#.##.#.##.#
#.#.##O##.#.#.#
#.#.##.#.o...#
#######.#.##o#@O...#
........#.##.#........
.########...#o#........#
.......(.###..#.........
#######.## ##.###..#...#
#.# #..........# #.##
##..........
##.###)####..#.# ##...)#
.# ########.# #
.....##..#


You could see an ogre and an orc.


Message History

You now have 174 gold pieces (gained 19).
A - a lumpy emerald potion
x - 3 scrolls labelled ESTRAA MAOLEEGAUBB (gained 1)
You open the door.
A hobgoblin zombie comes into view.
You hit the hobgoblin zombie.
Your headbutt misses the hobgoblin zombie.
You block the hobgoblin zombie's attack.
You barely miss the hobgoblin zombie. The hobgoblin zombie barely misses you.
You furiously retaliate!
You headbutt the hobgoblin zombie.
You hit the hobgoblin zombie but do no damage.
You headbutt the hobgoblin zombie.
You destroy the hobgoblin zombie!
There is an open door here.
You open the door.
A goblin zombie comes into view.
You closely miss the goblin zombie. You headbutt the goblin zombie.
The goblin zombie hits you but does no damage.
You hit the goblin zombie. The goblin zombie closely misses you.
You hit the goblin zombie. You barely miss the goblin zombie.
The goblin zombie hits you but does no damage.
You barely miss the goblin zombie. You block the goblin zombie's attack.
You puncture the goblin zombie!
You destroy the goblin zombie!
There is an open door here.
y - a ring of ice A goblin comes into view.
It is wielding a +0 dagger.
The goblin shouts!
You closely miss the goblin. You block the goblin's attack.
You hit the goblin. You freeze the goblin.
You kill the goblin!
Things that are here:
a +0 dagger {short}; a goblin corpse You see here a +0 quarterstaff {staff}.
Things that are here:
a +0 dagger {short}; a goblin corpse You see here 25 bolts.
An orc comes into view. It is wielding a +0 mace.
An orc comes into view. It is wielding a +0 club.
You hit the orc but do no damage. The orc barely misses you.
The orc hits you with a +0 mace. 😕 HP[-4]
You take 4 damage, and now have 52/56 hp.
You hit the orc. You freeze the orc. The orc closely misses you.
You furiously retaliate!
You headbutt the orc. You hit the orc. You freeze the orc.
You kill the orc!
An orc comes into view. It is wielding a +0 dagger.
The orc shouts!
You hear a shout!
An ogre comes into view. It is wielding a +0 giant spiked club.
You hear a shout!
Things that are here:
a +0 mace {mace}; a +0 leather armour You hit the orc.
You freeze the orc.
An orc comes into view. It is wielding a +0 war axe.
The orc hits you with a +0 club. 😕 HP[-2]
You take 2 damage, and now have 50/56 hp.
You hit the orc. You freeze the orc.
You kill the orc! 😕 HP[+1]
You hit the ogre. You freeze the ogre. The ogre barely misses you.
You hit the ogre. You freeze the ogre.
The ogre hits you with a +0 giant spiked club!!
* * * LOW HITPOINT WARNING * * *
😨 HP[-26]
You take 26 damage, and now have 25/56 hp.
MASSIVE DAMAGE!! (PAUSE)
You hit the ogre but do no damage. You hit the ogre. You freeze the ogre.
The ogre barely misses you.
You hit the ogre. You freeze the ogre.
You headbutt the ogre, but do no damage.
The ogre hits you with a +0 giant spiked club!
* * * LOW HITPOINT WARNING * * *
😱 HP[-15]
You take 15 damage, and now have 10/56 hp.
MASSIVE DAMAGE!! (PAUSE)
You hit the ogre. You freeze the ogre.
The ogre hits you but does no damage. 😱 HP[+1] 😱 HP[+1]
You see here a +0 quarterstaff {staff}.
Things that are here:
a +0 dagger {short}; a goblin corpse 😱 HP[+1] 😱 HP[+1] 😨 HP[+1]
There is a stone staircase leading down here.
You climb downwards.
The centaur shouts!
There is a stone staircase leading up here.
The centaur wields a +0 shortbow.
The centaur shoots an arrow.
You block the arrow.
You climb upwards.
The ogre hits you with a +0 giant spiked club.
* * * LOW HITPOINT WARNING * * *
You block the orc's attack.
There is a stone staircase leading down here. 😱 HP[-3]
You take 3 damage, and now have 12/56 hp.
You hit the ogre. You freeze the ogre. The orc barely misses you.
The ogre hits you with a +0 giant spiked club!
You die...

Skill      XL: |  1  2  3  4  5 |
---------------+----------------+-----
Armour         | 4 5 |  5.3
Shields        | 4 5 |  5.3
Fighting       | 4 5 |  5.2
Long Blades    | 3 4 |  4.5

Action                   |  1- 3 |  4- 6 || total
-------------------------+-------+-------++-------
Melee: Long sword        |    80 |    54 ||   134
       Headbutt          |    12 |    33 ||    45
       Short sword       |       |   155 ||   155
Armor: Scale mail        |    49 |    76 ||   125
Dodge: Dodged            |    53 |    63 ||   116
Block: Buckler           |    25 |    43 ||    68

Levels and vault maps discovered:
D:1:      lightli_arrival_chessboard, layout_basic, serial_shops,
          nicolae_shop_bloodbath_and_beyond, minmay_cut_off
D:2:      layout_basic, amcnicky_mini_corridor_feature, minmay_between
D:3:      layout_rooms, mainiacjoe_overflow_tiny_flanked,
          nzn_wu_jian_contemplation, serial_shops, shop,
          ebering_ecumenical_altar_webs, uniq_grinder
D:4:      layout_loops_ring, nicolae_tso_swordbearing_angel,
          nicolae_ossuary_entry_giza, wad_orctagon
D:5:      layout_rooms, bloody_makhleb, biasface_ghost_orc_armoury,
          uniq_crazy_yiuf_cottage

Notes
Turn   | Place    | Note
-------+----------+-------------------------------------------
     0 | D:1      | Faeu the Minotaur Fighter began the quest for the Orb.
     0 | D:1      | Reached XP level 1. HP: 19/19 MP: 0/0
     0 | D:1      | magus.rc [v1.9.6]
   228 | D:1      | Reached XP level 2. HP: 21/27 MP: 1/1
   312 | D:1      | Found Zefotot's Weapon Shoppe.
   334 | D:1      | Reached skill level 4 in Armour
   334 | D:1      | Reached skill level 4 in Shields
   394 | D:1      | Reached skill level 4 in Fighting
   449 | D:1      | Reached skill level 3 in Long Blades
   504 | D:1      | Reached XP level 3. HP: 30/33 MP: 2/2
   896 | D:2      | Reached XP level 4. HP: 40/40 MP: 3/3
  1777 | D:3      | Reached XP level 5. HP: 37/47 MP: 4/4
  1778 | D:3      | Found Ruleoph's Jewellery Shoppe.
  1847 | D:3      | Noticed an ice beast
  1942 | D:3      | Found a faded altar of an unknown god.
  1956 | D:3      | Found a basalt altar of Yredelemnul.
  2064 | D:3      | Found an ornate altar of the Wu Jian Council.
  2243 | D:4      | Found a sand-covered staircase.
  2250 | Ossuary  | Entered an ossuary
  2289 | Ossuary  | Reached skill level 4 in Long Blades
  2493 | Ossuary  | Reached skill level 5 in Armour
  2559 | Ossuary  | Reached skill level 5 in Shields
  2568 | Ossuary  | Reached skill level 5 in Fighting
  2791 | Ossuary  | Reached XP level 6. HP: 55/56 MP: 5/5
  3282 | D:4      | HP: 10/56 [ogre/+0 giant spiked club (15)]
  3310 | D:5      | Entered Level 5 of the Dungeon
  3312 | D:4      | HP: 12/56 [ogre/+0 giant spiked club (4)]
  3313 | D:4      | Slain by an ogre

Vanquished Creatures
  14 mummies
  7 adders
  2 worms (D:2)
  2 dart slugs (D:1)
  3 orcs (D:4)
  4 ball pythons
  7 bats
  9 endoplasms
  5 giant cockroaches
  13 goblins
  5 hobgoblins
  2 jackals (D:1)
  2 quokkas (D:2)
  2 frilled lizards
  A gnoll skeleton (Ossuary)
  3 goblin skeletons (Ossuary)
  A goblin zombie (D:4)
  A hobgoblin zombie (D:4)
  5 kobolds
  3 kobold skeletons (Ossuary)
  An orc skeleton (Ossuary)
  6 rats
  11 rat skeletons (Ossuary)
109 creatures vanquished.

Table legend:
 A = Non-vault XP
 B = Vault XP
 C = Vault XP percentage of total XP
 D = Non-vault monster count
 E = Vault monster count
 F = Vault count percentage of total count
                 A         B        C        D         E       F
            +---------+---------+-------+---------+---------+-------
      Total |     199 |     301 |  60.2 |      67 |      42 |  38.5
            +---------+---------+-------+---------+---------+-------
        D:1 |      46 |       4 |   8.0 |      26 |       2 |   7.1
        D:2 |      99 |      21 |  17.5 |      26 |       5 |  16.1
        D:3 |      43 |       0 |   0.0 |      11 |       0 |   0.0
        D:4 |      11 |      20 |  64.5 |       4 |       3 |  42.9
    Ossuary |       0 |     256 | 100.0 |       0 |      32 | 100.0
            +---------+---------+-------+---------+---------+-------

Illustrated notes

Table legend:
 A = Kills in this place as a percentage of kills in entire the game.
 B = Kills by you in this place as a percentage of kills by you in the entire game.
 C = Kills by friends in this place as a percentage of kills by friends in the entire game.
 D = Other kills in this place as a percentage of other kills in the entire game.
 E = Experience gained in this place as a percentage of experience gained in the entire game.
 F = Experience gained in this place divided by the number of levels of this place that you have seen.
                   A       B       C       D       E      F
               +-------+-------+-------+-------+-------+----------------------
         Total | 100.0 | 100.0 |   N/A |   N/A | 100.0 |  83.3
       Dungeon |  70.6 |  70.6 |   N/A |   N/A |  48.8 |  48.8
       Ossuary |  29.4 |  29.4 |   N/A |   N/A |  51.2 | 256.0
               +-------+-------+-------+-------+-------+----------------------

Table legend: (Time is in decaauts)
 A = Elapsed time spent in this place.
 B = Non-inter-level travel time spent in this place.
 C = Inter-level travel time spent in this place.
 D = Time resting spent in this place.
 E = Time spent auto-exploring this place.
 F = Levels seen in this place.
 G = Mean time per level.
                   A        B        C        D        E       F      G
               +--------+--------+--------+--------+--------+-----+--------+
         Total |   3358 |   3332 |     26 |    170 |   1873 |   6 |  559.7 |
       Dungeon |   2471 |   2445 |     26 |      0 |   1394 |   5 |  494.2 |
       Ossuary |    886 |    886 |      0 |    170 |    479 |   1 |  886.0 |
               +--------+--------+--------+--------+--------+-----+--------+

Top non-repeatable levels by time:
     D:2: 1085 daAuts
 Ossuary: 886 daAuts
     D:1: 748 daAuts
     D:3: 417 daAuts
     D:4: 219 daAuts
     D:5: 1 daAuts
